 Dungeon Crawl Stone Soup version 0.29.1-12-g30fa7ad0bf (webtiles) character file.

Game seed: 11567381687476328120

40 xzight the Shield-Bearer (level 3, -2/35 HPs)
             Began as a Gnoll Fighter on Dec 29, 2022.
             Slain by a hobgoblin (4 damage)
             ... led by Robin
             ... on level 2 of the Dungeon.
             The game lasted 00:01:01 (853 turns).

xzight the Shield-Bearer (Gnoll Fighter)             Turns: 853, Time: 00:01:01

Health: -2/35      AC:  7    Str: 15    XL:     3   Next: 50%
Magic:  4/4        EV:  9    Int:  9    God:
Gold:   66         SH:  5    Dex: 11    Spells: 3/3 levels left

rFire   . . .      SeeInvis .   a - +0 trident
rCold   . . .      Faith    .   c - +0 buckler
rNeg    . . .      Spirit   .   b - +0 scale mail
rPois   .          Reflect  .   (no helmet)
rElec   .          Harm     .   (no cloak)
rCorr   .          Rampage  .   (no gloves)
Will    .....                   (no boots)
Stlth   ..........              (no amulet)
HPRegen 0.11/turn               (no ring)
MPRegen 0.09/turn               (no ring)

@: no status effects
A: fangs 1, strong nose, distributed training
a: no special abilities


You were on level 2 of the Dungeon.
You visited 1 branch of the dungeon, and saw 2 of its levels.

You collected 66 gold pieces.


Innate Abilities, Weirdness & Mutations

You have very sharp teeth.
Your uncanny sense of smell can sniff out nearby items.
Your experience applies equally to all skills.


   Skills:
 + Level 6.5 Fighting
 + Level 0.9 Short Blades
 + Level 0.9 Long Blades
 + Level 0.9 Axes
 + Level 0.9 Maces & Flails
 + Level 4.5 Polearms
 + Level 0.9 Staves
 + Level 0.9 Ranged Weapons
 + Level 0.9 Throwing
 + Level 6.5 Armour
 + Level 0.9 Dodging
 + Level 0.9 Stealth
 + Level 6.5 Shields
 + Level 0.9 Unarmed Combat
 + Level 0.9 Spellcasting
 + Level 0.6 Conjurations
 + Level 0.6 Hexes
 + Level 0.6 Summonings
 + Level 0.6 Necromancy
 + Level 0.6 Translocations
 + Level 0.6 Transmutations
 + Level 0.6 Fire Magic
 + Level 0.6 Ice Magic
 + Level 0.6 Air Magic
 + Level 0.6 Earth Magic
 + Level 0.6 Poison Magic
 + Level 1.0 Invocations
 + Level 0.9 Evocations


You had 3 spell levels left.
You didn't know any spells.
Your spell library was empty.

Inventory:

Hand Weapons
 a - a +0 trident (weapon)
Armour
 b - a +0 scale mail (worn)
 c - a +0 buckler (worn)
 g - a scarf of shadows
Scrolls
 e - 2 scrolls of identify {unknown}
 f - 2 scrolls of teleportation {unknown}
 h - a scroll of fear {unknown}
 j - a scroll of torment {unknown}
 l - a scroll of blinking {unknown}
Potions
 d - a potion of might
 i - a potion of heal wounds {unknown}
 k - 3 potions of curing {unknown}
 m - a potion of lignification {unknown}

Dungeon Overview and Level Annotations

Branches:
Dungeon (2/15)

Altars:

#### #..#############
###............gg##
............####@g### ∆
......#####.## ##ggg## ###gg
.....^.####..######g)#..|.g.
........................#
..#########....####.#...#
#..# #....# #.........
##.#### ##...# #.......$.
#....### #....# ...P..P♣..
####...###..........♣.♣♣P..


You could see 4 hobgoblins and 3 goblins.


Message History

The hobgoblin barely misses you. The hobgoblin closely misses you.
You block Robin's attack. The goblin closely misses you.
You hit Robin but do no damage. You bite Robin, but do no damage.
Robin is almost dead.
The hobgoblin no longer looks unusually strong.
You block the goblin's attack. The hobgoblin hits you.
* * * LOW HITPOINT WARNING * * *
The hobgoblin closely misses you.
Robin roars a battlecry!
The goblins go into a battle-frenzy!
You hit Robin but do no damage.
Robin is almost dead.
The hobgoblin closely misses you. The goblin hits you but does no damage.
You block the hobgoblin's attack. Robin barely misses you.
You barely miss Robin. You bite Robin, but do no damage.
Robin is almost dead.
The hobgoblin hits you.
* * * LOW HITPOINT WARNING * * *
You block the goblin's attack. The hobgoblin hits you.
* * * LOW HITPOINT WARNING * * *
Robin hits you with a +0 mace.
* * * LOW HITPOINT WARNING * * *
You puncture Robin!
You kill Robin!
The hobgoblin hits you.
* * * LOW HITPOINT WARNING * * *
The goblin hits you but does no damage.
The hobgoblin hits you but does no damage.
The hobgoblin hits you.
You die...

Skill      XL: |  1  2  3 |
---------------+----------+-----
Invocations    | 1 |  1.0
Fighting       | |  6.5
Short Blades   | |  0.9
Long Blades    | |  0.9
Axes           | |  0.9
Maces & Flails | |  0.9
Polearms       | |  4.5
Staves         | |  0.9
Ranged Weapons | |  0.9
Throwing       | |  0.9
Armour         | |  6.5
Dodging        | |  0.9
Stealth        | |  0.9
Shields        | |  6.5
Unarmed Combat | |  0.9
Spellcasting   | |  0.9
Conjurations   | |  0.6
Hexes          | |  0.6
Summonings     | |  0.6
Necromancy     | |  0.6
Translocations | |  0.6
Transmutations | |  0.6
Fire Magic     | |  0.6
Ice Magic      | |  0.6
Air Magic      | |  0.6
Earth Magic    | |  0.6
Poison Magic   | |  0.6
Evocations     | |  0.9

Action                   || total
-------------------------++-------
Melee: Trident           ||    65
       Bite              ||     3
Armor: Scale mail        ||    17
Dodge: Dodged            ||    23
Block: Buckler           ||    14

Levels and vault maps discovered:
D:1:      scummos_arrival_simple_crosswalls, layout_loops_ring
D:2:      layout_rooms, dreamdust_ecumenical_altar_grove, minmay_quantized,
          uniq_robin, uniq_natasha, uniq_terence

Notes
Turn   | Place    | Note
-------+----------+-------------------------------------------
     0 | D:1      | xzight the Gnoll Fighter began the quest for the Orb.
     0 | D:1      | Reached XP level 1. HP: 23/23 MP: 1/1
    95 | D:1      | Reached XP level 2. HP: 27/29 MP: 2/2
   376 | D:1      | Reached XP level 3. HP: 31/35 MP: 3/3
   618 | D:1      | Reached skill level 1 in Invocations
   722 | D:2      | Identified the +2 robe "Diboa" {Int+5}
   812 | D:2      | Found a faded altar of an unknown god.
   814 | D:2      | Noticed Robin
   853 | D:2      | Killed Robin
   853 | D:2      | HP: 2/35 [hobgoblin[Robin] (3)]
   853 | D:2      | Slain by a hobgoblin

Vanquished Creatures
  Robin (D:2)
  A gnoll (D:1)
  3 ball pythons (D:1)
  3 bats (D:1)
  2 endoplasms
  A giant cockroach (D:1)
  6 hobgoblins
  3 jackals (D:1)
  4 goblins
  2 kobolds (D:1)
26 creatures vanquished.

Vanquished Creatures (others)
  A plant (D:2)
1 creature vanquished.

Grand Total: 27 creatures vanquished

Table legend: (Time is in decaauts)
 A = Elapsed time spent in this place.
 B = Non-inter-level travel time spent in this place.
 C = Inter-level travel time spent in this place.
 D = Time resting spent in this place.
 E = Time spent auto-exploring this place.
 F = Levels seen in this place.
 G = Mean time per level.
                   A        B        C        D        E       F      G
               +--------+--------+--------+--------+--------+-----+--------+
         Total |    859 |    850 |      9 |      0 |    688 |   2 |  429.5 |
       Dungeon |    859 |    850 |      9 |      0 |    688 |   2 |  429.5 |
               +--------+--------+--------+--------+--------+-----+--------+

Top non-repeatable levels by time:
     D:1: 721 daAuts
     D:2: 137 daAuts

Table legend:
 A = Non-vault XP
 B = Vault XP
 C = Vault XP percentage of total XP
 D = Non-vault monster count
 E = Vault monster count
 F = Vault count percentage of total count
                 A         B        C        D         E       F
            +---------+---------+-------+---------+---------+-------
      Total |      50 |      24 |  32.4 |      21 |       5 |  19.2
            +---------+---------+-------+---------+---------+-------
        D:1 |      48 |       0 |   0.0 |      20 |       0 |   0.0
        D:2 |       2 |      24 |  92.3 |       1 |       5 |  83.3
            +---------+---------+-------+---------+---------+-------
